 Dungeon Sprint DCSS version 0.30-a0-722-g3e6e8c874d (webtiles) character file.

Game seed: 9841152812760265544

170565 BigDaddyOpFi the End of an Era (level 17, -1/159 (171) HPs)
             Began as a Demonspawn Fighter on Jan 27, 2023.
             Was the Champion of Qazlal.
             Slain by Mennas
             ... wielding a +1 trishula of holy wrath
              (9 damage)
             ... in the Dungeon (Sprint VII: "The Pits").
             The game lasted 00:17:11 (6202 turns).

BigDaddyOpFi the End of an Era (Demonspawn Fighter) Turns: 6202, Time: 00:17:12

HP:   -1/159 (171)  AC: 44    Str: 39    XL:     17   Next: 12%
MP:   0/34          EV:  9    Int: 11    God:    Qazlal [******]
Gold: 151           SH: 13    Dex: 18    Spells: 16/16 levels left

rFire   + . .      SeeInvis .    y - +5 glaive of the Guard {elec, spectral, AC+5}
rCold   + . .      Faith    .    (shield currently unavailable)
rNeg    . . .      Spirit   +    m - +5 plate armour of Nizugipp {rElec Regen+ Str+5}
rPois   .          Reflect  +    g - +1 helmet of Satisfaction {Rampage rElec}
rElec   +          Harm     .    z - scarf {rC+ rF+}
rCorr   .          Rampage  +    (gloves unavailable)
Will    ++...      NoTele   +    Z - +2 pair of boots {rampage} Stlth
                                 I - amulet of Nihips {Reflect Drain Str+5 SH+5 Stlth+}
HPRegen 1.26/turn                K - ring of Youthful Indiscretion {Will+ Str+6 Slay+6}
MPRegen 0.48/turn                F - ring "Coboil" {Dex+5 Slay+5}

@: protected from physical damage, slowed, glowing, studying 2 skills, silenced,
drained, repel missiles, very slow
A: slimy green scales 2, spiny 2, magic shield, magic regeneration, magic link,
corrupting presence 1, demonic touch 3
}: 1/3 runes: silver
a: Renounce Religion


You were in the Dungeon.
You worshipped Qazlal.
Qazlal was exalted by your worship.
You visited 1 branch You collected 151 gold pieces.

Inventory:

Hand Weapons
 y - the +5 glaive of the Guard (weapon) {elec, spectral, AC+5}
   (You found it in the Dungeon)

   AC:        It affects your AC (+5).
Armour
 b - the +8 plate armour "Qeuwun Xum" {*Corrode rElec Regen+ Dex+3}
   (You found it in the Dungeon)

   Dex:       It affects your dexterity (+3).
   rElec:     It insulates you from electricity.
   Regen:     It increases your rate of health regeneration.
   *Corrode:  It may corrode you when you take damage.
 c - a +4 hat
 g - the +1 helmet of Satisfaction (worn) {Rampage rElec}
   (You found it in the Dungeon)

   rElec:     It insulates you from electricity.
   Rampage:   It bestows one free step when moving towards enemies.
 m - the +5 plate armour of Nizugipp (worn) {rElec Regen+ Str+5}
   (You found it in the Dungeon)

   Str:       It affects your strength (+5).
   rElec:     It insulates you from electricity.
   Regen:     It increases your rate of health regeneration.
 z - a scarf of resistance (worn)
 D - the +3 tower shield of Plasticity {rF++}
   (You found it in the Dungeon)

   rF:        It greatly protects you from fire.
 Z - a +2 pair of boots of rampaging (worn)
Jewellery
 F - the ring "Coboil" (right hand) {Dex+5 Slay+5}
   (You found it in the Dungeon)

   [ring of slaying]

   Dex:       It affects your dexterity (+5).
   Slay:      It affects your accuracy & damage with ranged weapons and melee
   (+5).
 I - the amulet of Nihips (around neck) {Reflect Drain Str+5 SH+5 Stlth+}
   (You found it in the Dungeon)

   [amulet of reflection]

   It reflects blocked missile attacks.
   Str:       It affects your strength (+5).
   Drain:     It drains your maximum health when unequipped.
   SH:        It affects your SH (+5).
   Stlth:     It makes you more stealthy.
 K - the ring of Youthful Indiscretion (left hand) {Will+ Str+6 Slay+6}
   (You found it in the Dungeon)

   [ring of strength]

   Str:       It affects your strength (+6).
   Slay:      It affects your accuracy & damage with ranged weapons and melee
   (+6).
   Will:      It increases your willpower.
 M - a ring of wizardry
 P - a +6 ring of strength
 S - the amulet "Dece" {RegenMP Dex+5}
   (You found it in the Dungeon)

   [amulet of magic regeneration]

   It increases your rate of magic regeneration.
   Dex:       It affects your dexterity (+5).
 T - the ring of Sif Muna's Inspiration {rCorr Int+2 SInv}
   (You found it in the Dungeon)

   [ring of see invisible]

   Int:       It affects your intelligence (+2).
   SInv:      It lets you see invisible.
   rCorr:     It protects you from acid and corrosion.
 U - a ring of resist corrosion
 W - a +4 ring of slaying
 Y - the ring "Nahyucra" {Will+ Int+2 Slay+2}
   (You found it in the Dungeon)

   [ring of willpower]

   Int:       It affects your intelligence (+2).
   Slay:      It affects your accuracy & damage with ranged weapons and melee
   (+2).
   Will:      It increases your willpower.
Wands
 s - a wand of flame (19)
 B - a wand of polymorph (3)
Scrolls
 j - 3 scrolls of blinking
 u - 3 scrolls of fog
 w - 4 scrolls of identify
 O - 3 scrolls of fear
 R - a scroll of poison
 X - 2 scrolls of brand weapon
Potions
 a - 5 potions of brilliance
 e - 16 potions of curing
 f - 27 potions of heal wounds
 h - 7 potions of magic
 i - 12 potions of berserk rage
 k - 3 potions of invisibility
 t - 3 potions of lignification
 x - 2 potions of might
 C - 6 potions of haste
 E - 2 potions of mutation
 Q - 2 potions of resistance
 V - a potion of flight
Miscellaneous
 p - a phial of floods
 v - a piece from Xom's chessboard (15/15)
 N - a box of beasts


   Skills:
 + Level 25.9 Fighting
 - Level 14.1(18.9) Axes
 + Level 20.3(21.8) Polearms
 + Level 24.1 Armour
 + Level 25.3 Shields
 O Level 27 Invocations


You had 16 spell levels left.
You didn't know any spells.
Your spell library contained the following spells:

 Spells                   Type           Power      Damage    Failure   Level
 Sting                    Tmut/Pois      0%         1d3       65%         1
 Blink                    Tloc           0%         N/A       80%         2
 Cigotuvi's Dreadful Rot  Necr/Pois/Air  0%         N/A       80%         2
 Momentum Strike          Conj/Tloc      0%         3d8       80%         2
 Poisonous Vapours        Pois/Air       0%         N/A       80%         2
 Sublimation of Blood     Necr           0%         N/A       80%         2
 Wereblood                Tmut           0%         N/A       80%         2
 Gell's Gravitas          Tloc           0%         N/A       95%         3
 Ignite Poison            Fire/Tmut/Pois 0%         N/A       95%         3
 Mephitic Cloud           Conj/Pois/Air  0%         N/A       95%         3
 Ozocubu's Armour         Ice            0%         N/A       95%         3
 Summon Guardian Golem    Hex/Summ       0%         N/A       95%         3
 Airstrike                Air            0%         2d(0-16)  100%        4
 Anguish                  Hex/Necr       0%         N/A       100%        4
 Dispel Undead            Necr           0%         3d6       100%        4
 Manifold Assault         Tloc           0%         N/A       100%        4
 Olgreb's Toxic Radiance  Pois           0%         N/A       100%        4
 Passage of Golubria      Tloc           0%         N/A       100%        4
 Sticky Flame             Conj/Fire      0%         2d3       100%        4
 Summon Ice Beast         Ice/Summ       0%         N/A       100%        4
 Summon Lightning Spire   Summ/Air       0%         N/A       100%        4
 Freezing Cloud           Conj/Ice/Air   0%         6-21      100%        5
 Lightning Bolt           Conj/Air       0%         1d11      100%        5
 Summon Forest            Summ/Tloc      0%         N/A       100%        5
 Summon Mana Viper        Hex/Summ       0%         N/A       100%        5
 Death Channel            Necr           0%         N/A       100%        6
 Summon Cactus Giant      Summ           0%         N/A       100%        6
 Enfeeble                 Hex            0%         N/A       100%        7
 Malign Gateway           Summ/Tloc      0%         N/A       100%        7
 Monstrous Menagerie      Summ           0%         N/A       100%        7
 Storm Form               Tmut/Air       0%         N/A       100%        7
 Summon Hydra             Summ           0%         N/A       100%        7
 Ignition                 Fire           0%         3d3       100%        8
 Maxwell's Capacitive Co  Air            0%         ∞         100%        8
 Chain Lightning          Conj/Air       0%         N/A       100%        9


Dungeon Overview and Level Annotations

Branches:
Dungeon (1/1)

Altars:
Ashenzari
Cheibriados
Dithmenos
Fedhas
Gozag
Hepliaklqana
Kikubaaqudgha
Makhleb
Nemelex Xobeh
Okawaru
Qazlal
Ru
Sif Muna
Trog
Uskayaw
Vehumet
Wu Jian
Xom
Yredelemnul
Jiyva
Lugonu

Annotations:
D Louise, Mennas


Innate Abilities, Weirdness & Mutations

You are mostly covered in slimy green scales. (AC +3)
You are mostly covered in sharp spines.
When hurt, damage is shared between your health and your magic reserves.
You regenerate magic rapidly.
When low on magic, you restore magic in place of health.
Your presence sometimes corrodes those you injure.
Your touch may irresistibly damage your foes and sap their willpower.


Message History

Your +5 glaive of the Guard {elec, spectral, AC+5} hits the shadow dragon from afar!
Mennas hits you from afar with a +1 trishula of holy wrath.
You feel more protected from physical attacks.
You convulse.
Mennas hits you from afar with a +1 trishula of holy wrath.
You convulse.
The titan closely misses you.
The shadow dragon breathes negative energy at you.
The bolt of negative energy hits you!!!
You feel drained.
The bolt of negative energy hits your +5 glaive of the Guard {elec, spectral, AC+5}.
Your +5 glaive of the Guard {elec, spectral, AC+5} completely resists.
Being near the torpor snail leaves you feeling lethargic.
You slice the shadow dragon!!
The shadow dragon is severely wounded.
Your +5 glaive of the Guard {elec, spectral, AC+5} hits the shadow dragon!
Mennas hits you from afar with a +1 trishula of holy wrath!
You convulse!
You block Mennas's attack. You block the shadow dragon's attack.
The shadow dragon claws you but does no damage. x2
The dire elephant is struck by your spines.
The dire elephant tramples you but does no damage.
The dire elephant completely misses you.
The titan is struck by your spines. The titan hits you!!
You feel more protected from physical attacks.
Mennas hits you from afar with a +1 trishula of holy wrath!
* * * LOW HITPOINT WARNING * * *
You feel more protected from physical attacks.
You convulse!
* * * LOW HITPOINT WARNING * * *
Mennas hits you but does no damage.
Your +5 glaive of the Guard {elec, spectral, AC+5} is struck by lightning.
Magic scrolls do not work when you're silenced!
You swap places.
The titan hits you!!
* * * LOW HITPOINT WARNING * * *
The shadow dragon barely misses you. The shadow dragon claws you.
* * * LOW HITPOINT WARNING * * *
You feel more protected from physical attacks.
You block the shadow dragon's attack.
Mennas is struck by lightning.
Mennas hits you from afar with a +1 trishula of holy wrath!
* * * LOW HITPOINT WARNING * * *
You convulse!
You die...

#########################
..#..#=="=.....#.§A.....#
..#.)#"==".....#CD°9d...#
÷'#''#####'#####@Y#++###
..................°○....#
..#.)......)..)..○#.....#
.....#..#...#..#.....#..#
..#....)......)†..#.....#
........)..)..)...†.....
''#''#####)#####)'#''####
..#÷.#.=[...)))#........
..#..#[[..)))))#........


You could see Mennas (silencing), a shadow dragon (unsilenced, catching breath),
a dire elephant, a titan, a red draconian (unsilenced) and a war gargoyle
(unsilenced).

Vanquished Creatures
  A curse toe (D)
  Xtahua (D)
  A profane servitor (D)
  Nikola (D)
  A bone dragon (D)
  A Tzitzimitl (D)
  3 hellephants (D)
  3 liches (D)
  2 deep elf blademasters (D)
  2 titans (D)
  A quicksilver dragon (D)
  3 acid blobs (D)
  A death cob (D)
  Murray (D)
  A deep elf master archer (D)
  Agnes (D)
  2 sphinxes (D)
  A shadow dragon (D)
  A rockslime (D)
  6 nagarajas (D)
  A daeva (D)
  3 emperor scorpions (D)
  2 deep elf sorcerers (D)
  2 frost giants (D)
  An angel (D)
  3 orc warlords (D)
  A spriggan defender (D)
  A green draconian (D)
  A cacodemon (D)
  2 reapers (D)
  3 stone giants (D)
  A war gargoyle (D)
  2 deep elf demonologists (D)
  2 vampire knights (D)
  2 dire elephants (D)
  A deep elf annihilator (D)
  A minotaur (D)
  2 red draconians (D)
  2 white draconians (D)
  A yellow draconian (D)
  A lorocyproca (D)
  3 deep elf death magi (D)
  2 green deaths (D)
  4 ettins (D)
  A merfolk javelineer (D)
  2 fire dragons (D)
  A merfolk impaler (D)
  2 yaktaur captains (D)
  2 vault guards (D)
  A hydra (D)
  4 ice dragons (D)
  3 hell beasts (D)
  3 ogre magi (D)
  An anaconda (D)
  A centaur warrior (D)
  A death knight (D)
  A dancing weapon (D)
  4 naga warriors (D)
  2 death yaks (D)
  A vampire mage (D)
  10 two-headed ogres (D)
  3 deep troll shamans (D)
  Urug (D)
  2 deep troll earth magi (D)
  2 spriggan berserkers (D)
  A naga sharpshooter (D)
  8 hell knights (D)
  An iron troll (D)
  A sun demon (D)
  3 deep elf knights (D)
  A sixfirhy (D)
  A spriggan druid (D)
  2 sea snakes (D)
  3 fire crabs (D)
  A swamp dragon (shapeshifter) (D)
  A swamp dragon (D)
  18 deep trolls (D)
  3 wizards (D)
  2 lindwurms (D)
  11 orc knights (D)
  A large abomination (D)
  A wolf spider (D)
  A deep elf pyromancer (D)
  6 necromancers (D)
  8 cyclopes (D)
  A salamander (D)
  4 orc sorcerers (D)
  A black mamba (D)
  A guardian serpent (D)
  An elephant (shapeshifter) (D)
  An orange demon (D)
  A rust devil (D)
  Maurice (D)
  A molten gargoyle (D)
  2 naga magi (D)
  A komodo dragon (shapeshifter) (D)
  3 kobold demonologists (D)
  A rime drake (D)
  An unseen horror (D)
  2 tormentors (D)
  A freezing wraith (D)
  3 yaktaurs (D)
  2 red devils (D)
  2 hornets (D)
  A hellwing (D)
  8 trolls (D)
  7 merfolk (D)
  A wind drake (D)
  3 blink frogs (D)
  5 dream sheep (D)
  An air elemental (D)
  5 slime creatures (D)
  2 spriggans (D)
  A water elemental (D)
  2 wraiths (D)
  4 fire elementals (D)
  A fire bat (D)
  A neqoxec (D)
  A basilisk (D)
  A chaos spawn (D)
  A steam dragon (D)
  Menkaure (D)
  2 redbacks (D)
  3 nagas (D)
  An acid dragon (D)
  A swamp drake (D)
  3 orc warriors (D)
  An ice beast (D)
  16 ogres (D)
  8 wolves (D)
  3 centaurs (D)
  4 kobold brigands (D)
  A gnoll sergeant (D)
  A crimson imp (D)
  4 orc priests (D)
  2 gnoll boudas (D)
  2 iguanas (D)
  2 orc wizards (D)
  11 gnolls (D)
  2 river rats (D)
  A white imp (D)
  An ufetubus (D)
  A worm (D)
  An adder simulacrum (D)
  14 orcs (D)
  An endoplasm (D)
  3 jackals (D)
  6 kobolds (D)
  2 quokkas (D)
  3 ball pythons (D)
  A ball python simulacrum (D)
  A bat (D)
  4 frilled lizards (D)
382 creatures vanquished.

Vanquished Creatures (others)
  A golden eye (D)
1 creature vanquished.

Grand Total: 383 creatures vanquished

Notes
Turn   | Place    | Note
-------+----------+-------------------------------------------
     0 | D        | BigDaddyOpFi the Demonspawn Fighter began the quest for the
                  | Orb.
     0 | D        | Reached XP level 1. HP: 18/18 MP: 1/1
    15 | D        | Found a bloodstained altar of Trog.
    15 | D        | Found a shimmering blue altar of Sif Muna.
    15 | D        | Found a viscous altar of Jiyva.
    15 | D        | Found a hazy altar of Hepliaklqana.
    15 | D        | Found an opulent altar of Gozag.
    16 | D        | Found a basalt altar of Yredelemnul.
    16 | D        | Found a shimmering altar of Xom.
    16 | D        | Found an ornate altar of the Wu Jian Council.
    16 | D        | Found a sacrificial altar of Ru.
    16 | D        | Found a stormy altar of Qazlal.
    16 | D        | Found an iron altar of Okawaru.
    16 | D        | Found a sparkling altar of Nemelex Xobeh.
    16 | D        | Found a burning altar of Makhleb.
    16 | D        | Found a blossoming altar of Fedhas.
    16 | D        | Found a shadowy altar of Dithmenos.
    16 | D        | Found a snail-covered altar of Cheibriados.
    17 | D        | Found a radiant altar of Vehumet.
    17 | D        | Found a corrupted altar of Lugonu.
    18 | D        | Found an ancient bone altar of Kikubaaqudgha.
    18 | D        | Found a hide-covered altar of Uskayaw.
    18 | D        | Found a broken altar of Ashenzari.
    23 | D        | Became a worshipper of Qazlal Stormbringer
    51 | D        | Reached skill level 1 in Invocations
    79 | D        | Reached * piety under Qazlal
    83 | D        | Reached skill level 2 in Invocations
   202 | D        | Reached ** piety under Qazlal
   206 | D        | Gained mutation: You regenerate magic rapidly. [demonic
                  | ancestry]
   206 | D        | Reached XP level 2. HP: 20/24 MP: 3/3
   211 | D        | Reached *** piety under Qazlal
   212 | D        | Reached skill level 3 in Invocations
   270 | D        | Noticed a crimson imp
   272 | D        | Noticed a centaur
   273 | D        | Killed a crimson imp
   274 | D        | Reached skill level 5 in Invocations
   274 | D        | Gained mutation: When hurt, damage is shared between your
                  | health and your magic reserves. [demonic ancestry]
   274 | D        | Reached XP level 3. HP: 30/30 MP: 4/6
   281 | D        | Reached **** piety under Qazlal
   285 | D        | Reached skill level 6 in Invocations
   285 | D        | Reached XP level 4. HP: 35/38 MP: 8/8
   290 | D        | Killed a centaur
   291 | D        | Reached skill level 5 in Fighting
   291 | D        | Reached skill level 5 in Shields
   291 | D        | Reached skill level 8 in Invocations
   291 | D        | Reached XP level 5. HP: 41/44 MP: 9/11
   304 | D        | Noticed an ogre
   306 | D        | Killed an ogre
   306 | D        | Reached ***** piety under Qazlal
   307 | D        | Reached skill level 5 in Armour
   307 | D        | Reached skill level 9 in Invocations
   307 | D        | Gained mutation: You are partially covered in slimy green
                  | scales. (AC +2) [demonic ancestry]
   307 | D        | Reached XP level 6. HP: 52/52 MP: 11/13
   309 | D        | Noticed a lindwurm
   321 | D        | Killed a lindwurm
   322 | D        | Reached skill level 12 in Invocations
   322 | D        | Gained mutation: Your touch may inflict minor irresistible
                  | damage on your foes. [demonic ancestry]
   322 | D        | Reached XP level 7. HP: 21/60 MP: 2/16
   642 | D        | Noticed a lindwurm
   643 | D        | Killed a lindwurm
   644 | D        | Reached skill level 13 in Invocations
   644 | D        | Reached XP level 8. HP: 65/68 MP: 8/18
   783 | D        | Noticed a kobold demonologist
   784 | D        | Noticed a soul eater
   785 | D        | Killed a kobold demonologist
   786 | D        | Reached skill level 14 in Invocations
   919 | D        | Noticed a kobold demonologist
   919 | D        | Noticed a kobold demonologist
   920 | D        | Noticed a sun demon
   921 | D        | Killed a kobold demonologist
   921 | D        | Noticed an orc sorcerer
   922 | D        | Reached skill level 15 in Invocations
   922 | D        | Gained mutation: You are partially covered in sharp spines.
                  | [demonic ancestry]
   922 | D        | Reached XP level 9. HP: 75/75 MP: 10/20
   923 | D        | Noticed an ice devil
   924 | D        | Noticed a sixfirhy
   925 | D        | Killed an unseen horror
   925 | D        | Reached ****** piety under Qazlal
   925 | D        | Killed a kobold demonologist
   925 | D        | Killed an orc sorcerer
   926 | D        | Reached skill level 16 in Invocations
  1129 | D        | Noticed a red devil
  1130 | D        | Noticed an orc sorcerer
  1131 | D        | Noticed a red devil
  1132 | D        | Killed a red devil
  1132 | D        | Killed an orc sorcerer
  1133 | D        | Reached skill level 10 in Fighting
  1133 | D        | Reached skill level 17 in Invocations
  1133 | D        | Gained mutation: You are mostly covered in slimy green
                  | scales. (AC +3) [demonic ancestry]
  1133 | D        | Reached XP level 10. HP: 62/85 MP: 8/22
  1302 | D        | Noticed a four-headed hydra
  1305 | D        | Noticed a sea snake
  1314 | D        | Killed a seven-headed hydra
  1315 | D        | Reached skill level 10 in Shields
  1315 | D        | Reached skill level 18 in Invocations
  1325 | D        | Killed a sea snake
  1326 | D        | Reached skill level 10 in Armour
  1578 | D        | Noticed Menkaure
  1578 | D        | Noticed a large abomination
  1578 | D        | Noticed a molten gargoyle
  1580 | D        | Killed Menkaure
  1580 | D        | Killed a molten gargoyle
  1588 | D        | Killed a large abomination
  1589 | D        | Reached skill level 19 in Invocations
  1850 | D        | Noticed a sun demon
  1850 | D        | Noticed Agnes
  1850 | D        | Noticed a black mamba
  1850 | D        | Noticed a sea snake
  1851 | D        | Killed a sun demon
  1852 | D        | Reached skill level 10 in Axes
  1854 | D        | Killed a black mamba
  1855 | D        | Killed a sea snake
  1856 | D        | Gained mutation: You are mostly covered in sharp spines.
                  | [demonic ancestry]
  1856 | D        | Reached XP level 11. HP: 41/93 MP: 7/24
  1869 | D        | Killed Agnes
  1870 | D        | Reached skill level 20 in Invocations
  2179 | D        | Noticed a sixfirhy
  2180 | D        | Noticed a death yak
  2183 | D        | Noticed an emperor scorpion
  2185 | D        | Killed a death yak
  2186 | D        | Killed a sixfirhy
  2187 | D        | Reached skill level 21 in Invocations
  2193 | D        | Killed an emperor scorpion
  2371 | D        | Got the +4 hand axe of Maleec {heavy, rC+}
  2476 | D        | Noticed a death yak
  2484 | D        | Killed a death yak
  2524 | D        | Noticed a wizard
  2527 | D        | Noticed Urug
  2528 | D        | Killed a wizard
  2535 | D        | Killed Urug
  2536 | D        | Reached skill level 22 in Invocations
  2565 | D        | Paralysed by an air elemental for 1 turns
  2568 | D        | Paralysed by an air elemental for 1 turns
  2735 | D        | Noticed Maurice
  2744 | D        | Killed Maurice
  2745 | D        | Reached XP level 12. HP: 105/105 MP: 27/27
  2791 | D        | Noticed an ice dragon
  2792 | D        | Noticed a deep troll shaman
  2792 | D        | Killed a deep troll shaman
  2792 | D        | Killed an ice dragon
  2793 | D        | Reached skill level 23 in Invocations
  3096 | D        | Noticed an emperor scorpion
  3096 | D        | Noticed an emperor scorpion
  3097 | D        | Noticed an orc warlord
  3098 | D        | Noticed an orc warlord
  3099 | D        | Noticed a centaur warrior
  3103 | D        | Noticed a vault guard
  3104 | D        | Killed an orc warlord
  3104 | D        | Killed a vault guard
  3104 | D        | Killed a centaur warrior
  3104 | D        | Killed an emperor scorpion
  3104 | D        | Killed an orc warlord
  3105 | D        | Reached skill level 25 in Invocations
  3110 | D        | Noticed a naga warrior
  3113 | D        | Killed an emperor scorpion
  3114 | D        | Reached XP level 13. HP: 62/114 MP: 13/29
  3127 | D        | Noticed a profane servitor
  3130 | D        | Noticed a deep elf blademaster
  3133 | D        | Reached skill level 15 in Fighting
  3157 | D        | Killed a deep elf blademaster
  3174 | D        | Killed a profane servitor
  3175 | D        | Reached skill level 26 in Invocations
  3596 | D        | Found the +5 glaive of the Guard {elec, spectral, AC+5}
  3772 | D        | Got the +1 helmet of Satisfaction {Rampage rElec}
  3774 | D        | Got the +5 plate armour of Nizugipp {rElec Regen+ Str+5}
  3904 | D        | Noticed a minotaur
  3906 | D        | Noticed a red draconian
  3907 | D        | Reached skill level 1 in Polearms
  3911 | D        | Killed a minotaur
  3912 | D        | Killed a red draconian
  3915 | D        | Noticed a merfolk javelineer
  3916 | D        | Noticed a red draconian
  3917 | D        | Killed a merfolk javelineer
  3917 | D        | Noticed a green death
  3918 | D        | Reached skill level 27 in Invocations
  3919 | D        | Noticed a vampire knight
  3920 | D        | Killed a red draconian
  3922 | D        | Killed a vampire knight
  3923 | D        | Reached skill level 15 in Armour
  3923 | D        | Reached skill level 15 in Shields
  3926 | D        | Killed a green death
  3944 | D        | Reached skill level 5 in Polearms
  4106 | D        | Got the Compendium of Superposition and Curses
  4197 | D        | Noticed a green draconian
  4199 | D        | Noticed a nagaraja
  4199 | D        | Noticed a nagaraja
  4199 | D        | Noticed a lich
  4200 | D        | Noticed a lich
  4202 | D        | Killed a deep elf death mage
  4202 | D        | Killed a nagaraja
  4202 | D        | Killed a lich
  4202 | D        | Killed a lich
  4202 | D        | Killed a lich
  4202 | D        | Killed a nagaraja
  4202 | D        | Killed a sphinx
  4202 | D        | Killed a deep elf sorcerer
  4202 | D        | Killed a deep elf annihilator
  4203 | D        | Gained mutation: When low on magic, you restore magic in
                  | place of health. [demonic ancestry]
  4203 | D        | Reached XP level 14. HP: 103/129 MP: 17/31
  4272 | D        | Noticed a bone dragon
  4282 | D        | Killed a bone dragon
  4523 | D        | Noticed a nagaraja
  4523 | D        | Noticed a nagaraja
  4525 | D        | Killed a nagaraja
  4526 | D        | Reached skill level 10 in Polearms
  4528 | D        | Killed a nagaraja
  4592 | D        | Got the Meditations on the Welkin
  4594 | D        | Got the Writings on Airy Graupel
  4659 | D        | Got the ring "Coboil" {Dex+5 Slay+5}
  4661 | D        | Got the amulet "Ziw Xoa" {Spirit Stlth+}
  4664 | D        | Got the amulet "Nueroost" {Reflect rF+ Slay+3 SH+5}
  4666 | D        | Got the amulet of Nihips {Reflect Drain Str+5 SH+5 Stlth+}
  4686 | D        | Got the ring of the Good {+Blink rF++ rN+++ Int+6 Dex-5}
  4688 | D        | Got the ring of Youthful Indiscretion {Will+ Str+6 Slay+6}
  4690 | D        | Got the ring of Georug {Fire +Blink Dex+3 Stlth+}
  4768 | D        | Noticed a shadow dragon
  4770 | D        | Killed a shadow dragon
  4770 | D        | Noticed a frost giant
  4771 | D        | Noticed a death cob
  4775 | D        | Killed a death cob
  4777 | D        | Killed a frost giant
  4783 | D        | Gained mutation: Your touch may inflict irresistible damage
                  | on your foes. [demonic ancestry]
  4783 | D        | Reached XP level 15. HP: 116/140 MP: 21/32
  4845 | D        | Noticed a nagaraja
  4847 | D        | Killed a nagaraja
  4856 | D        | Identified the +5 hand axe "Cahoriyf" {venom, Fragile rN+
                  | rCorr SInv}
  4860 | D        | Identified the +5 dagger of Rieneun {drain, Will+}
  4881 | D        | Noticed a hellephant
  4890 | D        | Killed a hellephant
  4923 | D        | Noticed a titan
  4924 | D        | Noticed a frost giant
  4925 | D        | Killed a frost giant
  4925 | D        | Killed a titan
  4925 | D        | Killed a nagaraja
  4926 | D        | Reached skill level 15 in Polearms
  5307 | D        | Noticed a titan
  5309 | D        | Killed a titan
  5310 | D        | Gained mutation: Your touch may irresistibly damage your
                  | foes and sap their willpower. [demonic ancestry]
  5310 | D        | Reached XP level 16. HP: 157/157 MP: 24/33
  5315 | D        | Got the Incunable of Turbulence and the Tesseract
  5460 | D        | Got the amulet "Dece" {RegenMP Dex+5}
  5466 | D        | Got a silver rune of Zot
  5468 | D        | Got the ring of Sif Muna's Inspiration {rCorr Int+2 SInv}
  5496 | D        | Got the ring "Nahyucra" {Will+ Int+2 Slay+2}
  5501 | D        | Acquired a +2 pair of boots of rampaging
  5574 | D        | Noticed a deep elf master archer
  5574 | D        | Noticed an acid blob
  5574 | D        | Noticed a deep elf blademaster
  5574 | D        | Noticed Nikola
  5575 | D        | Killed a quicksilver dragon
  5575 | D        | Killed a deep elf master archer
  5575 | D        | Killed an acid blob
  5575 | D        | Killed a deep elf blademaster
  5576 | D        | Noticed an acid blob
  5578 | D        | Noticed a hellephant
  5579 | D        | Noticed a Tzitzimitl
  5582 | D        | Killed Nikola
  5582 | D        | Killed a Tzitzimitl
  5582 | D        | Killed a hellephant
  5583 | D        | Killed an acid blob
  5665 | D        | Noticed a sphinx
  5665 | D        | Noticed a hellephant
  5668 | D        | Paralysed by a sphinx for 4 turns
  5673 | D        | Killed a sphinx
  5688 | D        | Killed a hellephant
  5917 | D        | Noticed Xtahua
  5919 | D        | Killed Xtahua
  6020 | D        | Noticed an acid blob
  6021 | D        | Killed an acid blob
  6023 | D        | Got the +3 tower shield of Plasticity {rF++}
  6035 | D        | Noticed Murray
  6038 | D        | Noticed a curse toe
  6041 | D        | Killed Murray
  6041 | D        | Killed a curse toe
  6042 | D        | Gained mutation: Your presence sometimes corrodes those you
                  | injure. [demonic ancestry]
  6042 | D        | Reached XP level 17. HP: 118/171 MP: 18/34
  6136 | D        | Got the +8 plate armour "Qeuwun Xum" {*Corrode rElec Regen+
                  | Dex+3}
  6197 | D        | Noticed Mennas
  6197 | D        | Noticed a titan
  6197 | D        | Identified the +6 tower shield "Mefynn" {Drain rF+++ rN++
                  | Regen+}
  6197 | D        | Noticed Louise
  6202 | D        | Slain by Mennas

Illustrated notes

Levels and vault maps discovered:
D:        pitsprint [storerooms_1, entrance_room_1, metal_vault_4, armoury_1,
          mini_pit_1, grid_room_1, main_hall_1, silver_pit, the_coven_3,
          the_vestibule_1, steel_vault_3, golden_pit, hallway_of_sentries,
          crystal_vault_2, iron_vault_3, final_vault]

Skill      XL: |  1  2  3  4  5  6  7  8  9 10 11 12 13 14 15 16 |
---------------+-------------------------------------------------+-----
Axes           | 2 3 4 6 7 9 10 11 13 14 | 14.1
Invocations    | 2 5 6 8 9 12 13 15 17 19 22 25 27 | 27.0
Armour         | 3 4 5 6 7 8 9 10 12 13 16 18 21 24 | 24.1
Shields        | 3 4 5 6 7 8 9 10 12 13 16 19 23 25 | 25.3
Fighting       | 4 5 7 8 10 11 13 14 17 19 23 25 | 25.9
Polearms       | 8 11 17 20 | 20.3

Action                     |  1- 3 |  4- 6 |  7- 9 | 10-12 | 13-15 | 16-18 || total
---------------------------+-------+-------+-------+-------+-------+-------++-------
  Melee: War axe           |    40 |    17 |    24 |       |       |       ||    81
         Broad axe         |       |       |     2 |    89 |    64 |       ||   155
         Glaive            |       |       |       |       |   124 |    36 ||   160
 Invoke: Disaster Area     |       |       |     5 |     9 |    13 |     5 ||    32
         Upheaval          |       |       |       |     1 |       |       ||     1
    Use: Potion            |     1 |     2 |       |     6 |     7 |       ||    16
         Scroll            |       |       |       |     5 |     7 |     1 ||    13
   Stab: Distracted        |       |       |       |       |     3 |       ||     3
 Armour: Scale mail        |    13 |       |       |       |       |       ||    13
         Chain mail        |     3 |    20 |    14 |       |       |       ||    37
         Plate armour      |       |       |     3 |    82 |   145 |    36 ||   266
  Dodge: Dodged            |    17 |     9 |     5 |    30 |    58 |    14 ||   133
         Repelled          |       |       |       |     1 |       |       ||     1
  Block: Buckler           |    23 |     9 |    25 |   104 |    45 |       ||   206
         Other             |       |       |       |       |    71 |    15 ||    86
         Tower shield      |       |       |       |       |     4 |       ||     4
         Reflection        |       |       |       |       |     5 |     1 ||     6

Table legend: (Time is in decaauts)
 A = Elapsed time spent in this place.
 B = Non-inter-level travel time spent in this place.
 C = Inter-level travel time spent in this place.
 D = Time resting spent in this place.
 E = Time spent auto-exploring this place.
 F = Levels seen in this place.
 G = Mean time per level.
                   A        B        C        D        E       F      G
               +--------+--------+--------+--------+--------+-----+--------+
         Total |   6205 |   6098 |    107 |   3860 |      0 |   1 | 6205.0 |
       Dungeon |   6205 |   6098 |    107 |   3860 |      0 |   1 | 6205.0 |
               +--------+--------+--------+--------+--------+-----+--------+

Top non-repeatable levels by time:
       D: 6205 daAuts
